 Dungeon Crawl Stone Soup version 0.30-b1-2-g02819fbbbe (webtiles) character file.

Game seed: 1533012105783001092

15 Alarkh the Sneak (level 2, 12/24 HPs)
             Began as a Demonspawn Delver on May 22, 2023.
             Quit the game on level 5 of the Dungeon.
             The game lasted 00:01:07 (232 turns).

Alarkh the Sneak (Demonspawn Delver)                 Turns: 232, Time: 00:01:08

Health: 12/24      AC:  5    Str: 12    XL:     2   Next: 34%
Magic:  2/2        EV: 11    Int: 11    God:
Gold:   14         SH:  0    Dex: 14    Spells: 1/1 levels left

rFire   . .          .
                       - Unarmed
rCold   . . .        (no shield)
rNeg    . . .        a - +0 leather armour
rPois   .            (no helmet)
rElec   .            (no cloak)
rCorr   .            (no gloves)
SInv    .            (no boots)
Will    .....        (no amulet)
Stlth   ++           (no ring)
HPRegen 0.24/turn    (no ring)
MPRegen 0.08/turn

%: no passive effects
@: no status effects
A: molten scales 1
a: no special abilities


You were on level 5 of the Dungeon.
You visited 1 branch of the dungeon, and saw 2 of its levels.

You collected 14 gold pieces.

Inventory:

Armour
 a - a +0 leather armour (worn)
Wands
 f - a wand of digging (3)
Scrolls
 b - a scroll of fog
 c - a scroll of magic mapping
 d - a scroll of fear
 h - a scroll of identify {unknown}


   Skills:
 - Level 3.0 Fighting
 - Level 1.7 Dodging
 - Level 4.5 Stealth
 + Level 2.7 Unarmed Combat


You had one spell level left.
You didn't know any spells.
Your spell library was empty.

Dungeon Overview and Level Annotations

Branches:
Dungeon (5/15)
 Temple: D:4-7

Altars:

Annotations:
D:5 Blork the orc


Innate Abilities, Weirdness & Mutations

You are partially covered in molten scales. (AC +2)


Message History

You miss the adder.
Your extra speed is starting to run out.
The adder bites you but does no damage.
You hit the adder.
The adder is moderately wounded.
You barely miss the adder. You punch the adder.
The adder is moderately wounded.
The adder bites you.
You hit the adder but do no damage.
The adder is moderately wounded.
The adder bites you.
You miss the adder.
The adder is moderately wounded.
The adder bites you.
You barely miss the adder.
The adder is moderately wounded.
You barely miss the adder.
The adder is moderately wounded.
The adder barely misses you.
You closely miss the adder.
The adder is moderately wounded.
The adder bites you.
You hit the adder.
The adder is heavily wounded.
The adder bites you.
You hit the adder.
The adder is severely wounded.
The adder misses you.
You miss the adder.
The adder is severely wounded.
You feel yourself slow down.
You closely miss the adder. You punch the adder.
The adder is severely wounded.
The adder bites you but does no damage. The adder closely misses you.
You hit the adder.
You kill the adder!
You have reached level 2!
Your demonic ancestry asserts itself...
Molten scales grow over part of your body.
Are you sure you want to abandon this character and quit the game? (Confirm with "yes".)

##.###......#########♣♣
##.................#.P♣♣
#####......###.#.....P♣♣
###....# #.##...P..♣
#...####.##.#.P.♣.♣
###...# #..#..##♣♣♣
##...#..##....##
##...###.....######
###............@†...#
##.....................>
#.............########[.
..#...######..# ##...##
#.. #..## #.# #..?# ..
...## ..#


There were no monsters in sight!

Vanquished Creatures
  An adder (D:5)
  An ufetubus (D:5)
2 creatures vanquished.

Notes
Turn   | Place    | Note
-------+----------+-------------------------------------------
     0 | D:5      | Alarkh the Demonspawn Delver began the quest for the Orb.
     0 | D:5      | Reached XP level 1. HP: 18/18 MP: 1/1
   109 | D:5      | Noticed Blork the orc
   132 | D:5      | Noticed a hound
   232 | D:5      | Gained mutation: You are partially covered in molten
                  | scales. (AC +2) [demonic ancestry]
   232 | D:5      | Reached XP level 2. HP: 12/24 MP: 2/2
   232 | D:5      | Quit the game

Illustrated notes

Levels and vault maps discovered:
D:4:      layout_basic, minmay_misc_feat_pillars, due_unseen_surprise,
          uniq_duvessa
D:5:      layout_rooms, lemuel_coloured_pillars_altar, general_overflow_altar,
          uniq_blork_the_orc, uniq_crazy_yiuf_cottage

Skill      XL: |  1 |
---------------+----+-----
Unarmed Combat | 2 |  2.7
Fighting       | |  3.0
Dodging        | |  1.7
Stealth        | |  4.5

Action                     || total
---------------------------++-------
  Melee: Unarmed           ||    16
         Punch             ||     2
    Use: Potion            ||     2
 Armour: Leather armour    ||     3
  Dodge: Dodged            ||     9
